Map: Proxima Station LE

Players

cOMETBLUE

  • Race: Terran Terran
  • Spawn Location: 7:00

BIGFLLA - Winner!

  • Race: Protoss Protoss
  • League: Silver
  • Spawn Location: 1:00

VOD

Have the link to the VOD?

Description

Time

  • Played on: March 21, 2017, 5:52 a.m.
  • Length: 18:54
Show
View Real Time Build Order
Export as new Build Order

cOMETBLUE Terran 

Build Orders:  

Get SALT Encoding   

  12  0:20  SCV  
  13  0:25  Supply Depot  
  13  0:32  SCV  
  14  0:44  SCV, Refinery  
  15  0:56  SCV  
  16  1:08  SCV  
  17  1:49  SCV  
  18  2:01  SCV  
  19  2:28  Barracks  
  19  2:42  Barracks  
  19  2:48  SCV  
  20  3:01  SCV  
  21  3:13  SCV  
  22  3:23  Factory  
  22  3:35  Barracks  
  22  4:01  Barracks Tech Lab  
  22  4:05  Barracks Reactor  
  22  4:07  Factory Tech Lab  
  22  4:19  Marine  
  23  4:24  Stimpack  
  23  4:25  Barracks Tech Lab  
  23  4:30  Barracks Reactor  
  23  4:35  Orbital Command  
  23  4:44  Command Center  
  23  4:47  Supply Depot  
  23  5:08  Marine  
  23  5:13  Supply Depot  
  24  5:17  Marine x2  
  24  5:19  Marine x2  
  28  5:24  Siege Tank  
  31  5:35  Marine x3  
  34  5:37  Marine x2  
  34  5:39  Starport  
  36  5:52  Marine x2  
  36  5:53  Marine  
  36  5:55  Marine x2  
  41  6:10  Marine x3  
  44  6:11  SCV  
  44  6:13  Marine x2  
  47  6:20  Starport Tech Lab  
  47  6:23  SCV  
  48  6:36  Siege Tank, SCV  
  52  6:43  Refinery  
  52  6:46  SCV  
  53  6:48  SCV  
  54  7:23  Supply Depot  
  54  7:37  Supply Depot  
  54  7:42  Marine, SCV x2  
  57  7:54  SCV x2  
  57  7:58  Banshee  
  62  8:00  Cloaking Field  
  62  8:06  SCV  
  59  8:41  Banshee  
  62  8:44  Marine  
  62  8:46  Marine x2  
  62  8:48  Marine x2  
  67  8:57  Supply Depot  
  67  8:58  Supply Depot  
  67  9:02  Marine  
  68  9:03  Siege Tank  
  68  9:04  Marine x2  
  68  9:06  Marine x2  
  75  9:20  Marine  
  75  9:22  Marine x2  
  75  9:24  Marine x2  
  80  9:35  Siege Tank  
  80  9:38  Marine  
  84  9:39  Marine  
  84  9:40  Marine  
  84  9:41  Marine  
  84  9:42  Marine  
  88  9:56  Marine  
  89  10:07  Siege Tank  
  89  10:35  Medivac  
  91  10:44  Marine  
  91  10:46  Marine x2  
  94  10:55  Supply Depot  
  94  10:57  Supply Depot  
  94  11:01  Supply Depot  
  94  11:02  Marine  
  94  11:03  Marine x2  
  94  11:04  Marine x2  
  88  11:20  Marine  
  88  11:21  Marine x2  
  88  11:22  Marine x2  
  93  11:38  Marine  
  93  11:39  Marine x3  
  96  11:40  Marine  
  98  11:56  Marine x2  
  98  11:57  Marine, Refinery  
  101  12:28  Command Center  
  37  14:37  SCV  
  33  14:44  SCV  
  34  14:46  Marine x2  
  34  14:47  Marine  
  34  14:48  Marine  
  34  14:49  SCV  
  34  14:50  Marine  
  34  14:52  Combat Shields  
  40  14:55  Medivac  
  40  14:56  SCV  
  43  15:02  SCV  
  43  15:03  Marine  
  43  15:04  Marine  
  43  15:05  Marine  
  43  15:06  Marine  
  48  15:08  Marine, SCV  
  48  15:14  SCV  
  51  15:20  SCV  
  52  15:21  Marine x2  
  52  15:23  Marine x2  
  52  15:25  Marine, Medivac  
  52  15:26  SCV  
  60  15:32  SCV  
  60  15:35  Barracks  
  61  15:37  Barracks  
  61  15:39  Marine x2  
  61  15:41  Marine x2  
  65  15:43  Marine  
  65  15:45  SCV  
  67  15:55  Medivac  
  69  15:57  SCV  
  69  16:01  Marine  
  69  16:03  Marine x2  
  73  16:07  Siege Tank  
  73  16:09  SCV  
  77  16:21  Marine x2  
  77  16:25  Medivac  
  81  16:27  Fusion Core  
  81  16:39  Marine x2, Siege Tank  
  76  16:44  Marine  
  76  16:45  Marine  
  71  16:48  Marine  
  71  16:50  Marine x2  
  74  16:55  Medivac  
  74  16:56  Marine  
  74  16:57  Marine  
  78  17:02  Marine  
  78  17:03  Marine  
  78  17:06  Marine  
  78  17:08  Marine x2  
  82  17:11  Siege Tank  
  82  17:14  Marine x2  
  88  17:19  Marine  
  88  17:21  Marine  
Show
View Real Time Build Order
Export as new Build Order

BIGFLLA Protoss - Winner!

Build Orders: 1 Gate Expand, Blink Stalkers 

Get SALT Encoding   

  12  0:01  Probe (Chrono Boost)  
  13  0:17  Pylon  
  13  0:19  Probe (Chrono Boost)  
  14  0:30  Probe (Chrono Boost)  
  15  0:38  Gateway  
  15  0:45  Pylon  
  15  0:48  Probe (Chrono Boost)  
  16  0:59  Probe (Chrono Boost)  
  17  1:12  Probe (Chrono Boost)  
  18  1:23  Probe (Chrono Boost)  
  19  1:29  Nexus  
  19  1:36  Probe (Chrono Boost)  
  20  1:46  Cybernetics Core  
  20  1:52  Assimilator  
  20  1:54  Probe (Chrono Boost)  
  20  1:57  Assimilator  
  21  2:05  Probe (Chrono Boost)  
  23  2:15  Probe (Chrono Boost)  
  23  2:33  Probe (Chrono Boost)  
  23  2:36  Assimilator  
  24  2:38  Assimilator  
  24  2:40  Pylon  
  24  2:43  Probe (Chrono Boost)  
  26  2:44  Pylon, Probe (Chrono Boost)  
  26  2:54  Probe (Chrono Boost)  
  26  2:55  Probe (Chrono Boost)  
  28  3:03  Twilight Council  
  28  3:16  Forge  
  28  3:22  Probe x2 (Chrono Boost)  
  30  3:29  Blink  
  30  3:32  Probe x2 (Chrono Boost)  
  30  3:33  Stalker  
  34  3:36  Protoss Ground Weapons Level 1  
  34  3:40  Warp Gate  
  34  3:43  Probe x2 (Chrono Boost)  
  36  3:55  Probe x2 (Chrono Boost)  
  38  4:07  Probe x2 (Chrono Boost)  
  40  4:10  Pylon  
  40  4:19  Probe x2 (Chrono Boost)  
  40  4:23  Pylon  
  42  4:31  Probe x2 (Chrono Boost)  
  44  4:32  Stalker  
  46  4:43  Probe x2 (Chrono Boost)  
  48  4:48  Pylon  
  48  4:55  Probe x2 (Chrono Boost), Gateway  
  50  5:01  Gateway  
  50  5:02  Stalker  
  50  5:03  Gateway  
  51  5:08  Robotics Facility  
  51  5:17  Pylon  
  51  5:18  Protoss Ground Armor Level 1  
  51  5:32  Stalker  
  53  5:52  Immortal  
  57  6:26  Immortal  
  57  6:30  Pylon  
  61  6:48  Gateway  
  61  7:14  Nexus  
  61  7:16  Warp Prism  
  61  7:17  Assimilator  
  61  7:21  Protoss Ground Weapons Level 2  
  61  7:22  Assimilator  
  63  7:25  Pylon  
  63  7:26  Stalker x2  
  63  7:27  Pylon, Stalker x2  
  71  7:31  Pylon  
  71  7:32  Pylon  
  71  7:47  Immortal  
  69  8:19  Robotics Bay  
  67  8:37  Probe (Chrono Boost)  
  67  8:38  Probe (Chrono Boost)  
  67  8:39  Probe (Chrono Boost)  
  70  8:46  Immortal  
  70  8:48  Stalker x2  
  74  8:49  Stalker x3  
  84  9:18  Colossus  
  84  9:19  Protoss Ground Armor Level 2  
  84  9:21  Probe (Chrono Boost)  
  84  9:23  Probe x2 (Chrono Boost)  
  87  9:29  Stalker  
  87  9:30  Stalker x4  
  103  9:32  Mothership Core (Chrono Boost)  
  94  10:09  Observer  
  92  10:36  Immortal  
  96  10:52  Stalker x2  
  96  10:53  Stalker x3  
  92  11:16  Stalker x5  
  88  11:27  Colossus  
  92  11:40  Stalker x3  
  92  11:42  Stalker x2  
  101  12:01  Probe (Chrono Boost)  
  101  12:03  Probe x2 (Chrono Boost)  
  103  12:12  Probe (Chrono Boost)  
  103  12:14  Colossus  
  103  12:15  Probe x2 (Chrono Boost)  
  106  12:21  Adept  
  106  12:22  Adept x4, Probe (Chrono Boost)  
  121  12:24  Protoss Ground Weapons Level 3  
  121  12:27  Probe x2 (Chrono Boost)  
  125  12:46  Resonating Glaives  
  125  12:50  Stalker x4  
  133  12:58  Pylon  
  133  13:03  Immortal  
  113  13:37  Immortal  
  113  13:39  Nexus  
  113  13:41  Sentry x3  
  113  13:42  Assimilator, Sentry x2  
  113  13:46  Assimilator  
  115  14:09  Colossus  
  121  14:55  Colossus  
  127  15:28  Nexus  
  127  15:32  Assimilator  
  127  15:36  Assimilator  
  127  15:39  Pylon  
  127  15:41  Pylon  
  127  15:46  Immortal  
  127  15:48  Protoss Ground Armor Level 3  
  127  15:55  Stalker x3  
  127  15:56  Stalker x2  
  141  16:01  Pylon  
  141  16:05  Pylon  
  141  16:20  Immortal  
  145  16:55  Immortal  
  145  17:00  Stalker  
  151  17:01  Stalker  
  151  17:02  Stalker x3  
  159  17:26  Colossus  
  165  17:52  Stalker x2  
  165  17:53  Stalker x3  
  160  18:20  Pylon  
  160  18:22  Pylon  
Tags
 
Composition
Blink Stalkers
League
Silver
Matchup
PvT
Replay Pack
3.21
Spawn Locations
Cross Positions
Add a new tag
Caveats
  • Supply blocks, unpowered buildings, or Contaminate may cause inaccurate times.
  • Supply counts are checked every 10 seconds.